 Dungeon Crawl Stone Soup version 0.29-a0-284-gf9362112df (webtiles) character file.

Game seed: 8055916020677642614

36 AlmostDecent the Shooter (level 3, 20/21 HPs)
             Began as a Tengu Hunter on Mar 20, 2022.
             Was a Follower of Cheibriados.
             Quit the game on level 1 of the Dungeon.
             The game lasted 00:02:13 (575 turns).

AlmostDecent the Shooter (Tengu Hunter)              Turns: 575, Time: 00:02:14

Health: 20/21      AC:  5    Str: 13    XL:     3   Next: 37%
Magic:  4/4        EV: 11    Int: 11    God:    Cheibriados [*.....]
Gold:   48         SH:  0    Dex: 21    Spells: 2/2 levels left

rFire   . . .      SeeInvis .   a - +1 shortbow
rCold   . . .      Faith    .   (shield currently unavailable)
rNeg    . . .      Spirit   .   h - +0 ring mail
rPois   .          Reflect  .   (helmet restricted)
rElec   .          Harm     .   (no cloak)
rCorr   .          Rampage  .   (no gloves)
Will    .....                   (boots unavailable)
Stlth   +.........              (no amulet)
HPRegen 0.07/turn               (no ring)
MPRegen 0.09/turn               (no ring)

@: very slow
A: beak, talons 3
a: Renounce Religion, Bend Time


You were on level 1 of the Dungeon.
You worshipped Cheibriados.
Cheibriados was aware of your devotion.
You visited 1 branch of the dungeon, and saw 1 of its levels.

You collected 48 gold pieces.

Inventory:

Hand Weapons
 a - a +1 shortbow (weapon)
Armour
 b - a +0 leather armour
 h - a +0 ring mail (worn)
Scrolls
 c - a scroll of immolation
 f - a scroll of teleportation {unknown}
 g - a scroll of enchant weapon {unknown}
 i - 3 scrolls of identify {unknown}
 j - a scroll of blinking {unknown}
Potions
 d - a potion of brilliance {unknown}
 e - 2 potions of curing {unknown}


   Skills:
 + Level 2.1 Fighting
 * Level 5.4 Bows
 + Level 0.1 Armour
 + Level 2.3 Dodging
 + Level 1.0 Stealth


You had 2 spell levels left.
You didn't know any spells.
Your spell library contained the following spells:

 Spells                   Type           Power      Damage    Failure   Level
 Animate Skeleton         Necr           0%         N/A       61%         1
 Pain                     Necr           0%         1d4       61%         1
 Vampiric Draining        Necr           0%         2d6       93%         3


Dungeon Overview and Level Annotations

Branches:
Dungeon (1/15)

Altars:
Cheibriados


Innate Abilities, Weirdness & Mutations

You have a beak for a mouth.
You have claws for feet.


Message History

You shoot an arrow. The arrow closely misses the kobold.
The arrow closely misses the bat.
The arrow hits the withered plant!
The withered plant begins to crumble.
The withered plant is lightly damaged.
A nearby demonic plant withers and dies.
The kobold misses you.
You shoot an arrow. The arrow hits the kobold!
You kill the kobold!
The bat misses you. The bat hits you.
You shoot an arrow. The arrow completely misses the bat.
The arrow hits the fungus.
The fungus begins to die.
The fungus is lightly damaged.
The withered plant crumbles away.
The bat closely misses you. The bat misses you.
You shoot an arrow. The arrow misses the bat.
A nearby plant withers and dies.
The bat hits you but does no damage.
You shoot an arrow. The arrow hits the bat.
The bat is heavily wounded.
The bat hits you but does no damage.
You shoot an arrow. The arrow barely misses the bat.
The arrow hits the fungus!
The fungus begins to die.
The fungus is lightly damaged.
A nearby fungus withers and dies.
The bat barely misses you. The bat hits you but does no damage.
You shoot an arrow. The arrow hits the bat!
You kill the bat!
No target in view!
No target in view!
A nearby fungus withers and dies.
There is a faded altar of an unknown god here.
Things that are here:
a +0 short sword; 5 stones You cannot tell which god this altar belongs to.
Convert to them anyway?
Cheibriados accepts your prayer! Cheibriados welcomes you!
Cheibriados begins to support your attributes as your movement slows.
Cheibriados is now slowing the effects of poison on you.
You can now bend time to slow others.
Cheibriados raises the support of your attributes as your movement slows.
Are you sure you want to abandon this character and quit the game? (Confirm with "yes".)

#.##†.P##..#
#....P..#.##
###...P...#..#
#.#PP.....#$.#
#P..P.P..†#.#
#.........#.#
#.P.P..P..#.#
#.P.......#.#
#####@#####.####
#P........#....#
#.P.....P.####.####
#.......P.# #....#
#.......PP# ##.#.#
#.#.......#.#
#.#.####
###.......#.#
#.#....# #..P.P..#
. #.#.##.. ###.###.


There were no monsters in sight!

Vanquished Creatures
  4 bats (D:1)
  An endoplasm (D:1)
  A giant cockroach (D:1)
  4 hobgoblins (D:1)
  3 jackals (D:1)
  8 kobolds (D:1)
  3 quokkas (D:1)
  4 ball pythons (D:1)
  2 goblins (D:1)
  2 rats (D:1)
32 creatures vanquished.

Vanquished Creatures (others)
  3 demonic plants (D:1)
  2 fungi (D:1)
  A plant (D:1)
  4 toadstools (D:1)
  3 withered plants (D:1)
13 creatures vanquished.

Grand Total: 45 creatures vanquished

Notes
Turn   | Place    | Note
-------+----------+-------------------------------------------
     0 | D:1      | AlmostDecent the Tengu Hunter began the quest for the Orb.
     0 | D:1      | Reached XP level 1. HP: 12/12 MP: 2/2
    43 | D:1      | Reached XP level 2. HP: 14/17 MP: 3/3
   281 | D:1      | Reached skill level 5 in Bows
   387 | D:1      | Reached XP level 3. HP: 21/21 MP: 4/4
   549 | D:1      | Found a faded altar of an unknown god.
   574 | D:1      | Prayed at the altar of an unknown god.
   574 | D:1      | Became a worshipper of Cheibriados the Contemplative
   574 | D:1      | Reached * piety under Cheibriados
   575 | D:1      | Quit the game

Illustrated notes

Levels and vault maps discovered:
D:1:      ldierk_walled_garden_2, layout_rooms, shapermc_ecumenical_altar_gd

Skill      XL: |  1  2 |
---------------+-------+-----
Bows           | 5 |  5.4
Fighting       | |  2.1
Armour         | |  0.1
Dodging        | |  2.3
Stealth        | |  1.0

Action                   || total
-------------------------++-------
 Fire: Shortbow          ||    70
Armor: Leather armour    ||     4
       Ring mail         ||     7
Dodge: Dodged            ||    19

Table legend: (Time is in decaauts)
 A = Elapsed time spent in this place.
 B = Non-inter-level travel time spent in this place.
 C = Inter-level travel time spent in this place.
 D = Time resting spent in this place.
 E = Time spent auto-exploring this place.
 F = Levels seen in this place.
 G = Mean time per level.
                   A        B        C        D        E       F      G
               +--------+--------+--------+--------+--------+-----+--------+
         Total |    599 |    599 |      0 |      0 |    448 |   1 |  599.0 |
       Dungeon |    599 |    599 |      0 |      0 |    448 |   1 |  599.0 |
               +--------+--------+--------+--------+--------+-----+--------+

Top non-repeatable levels by time:
     D:1: 599 daAuts
